 Seeded DCSS version 0.29.1-15-g9cfb28693d (webtiles) character file.

Game seed: 15822848163574757677 (custom seed)

3318 kingofthe the Thaumaturge (level 9, -3/45 HPs)
             Began as a Deep Elf Conjurer on Mar 9, 2023.
             Was a Believer of Sif Muna.
             Succumbed to poison (dark miasma)
             ... on level 8 of the Dungeon.
             The game lasted 00:24:02 (9321 turns).

kingofthe the Thaumaturge (Deep Elf Conjurer)       Turns: 9321, Time: 00:24:03

Health: -3/45      AC:  8    Str:  4    XL:     9   Next: 71%
Magic:  24/32      EV: 19    Int: 26    God:    Sif Muna [**....]
Gold:   181        SH:  0    Dex: 15    Spells: 7/25 levels left

rFire   . . .      SeeInvis .   a - staff of conjuration {!a}
rCold   . . .      Faith    .   (no shield)
rNeg    . . .      Spirit   .   F - +0 steam dragon scales
rPois   .          Reflect  .   A - +0 helmet
rElec   .          Harm     .   (no cloak)
rCorr   .          Rampage  .   h - +0 pair of gloves
Will    .....                   t - +0 pair of boots
Stlth   +++.......              (no amulet)
HPRegen 0.15/turn               M - ring of magical power
MPRegen 0.23/turn               E - +4 ring of evasion

@: lethally poisoned (-3 -> -20), hasted, very quick
A: no striking features
a: Renounce Religion, Channel Magic


You were on level 8 of the Dungeon.
You worshipped Sif Muna.
Sif Muna was pleased with you.
You visited 2 branches of the dungeon, and saw 9 of its levels.

You collected 555 gold pieces.
You spent 374 gold pieces at shops.


   Skills:
 * Level 6.1 Dodging
 + Level 5.1 Stealth
 * Level 8.8 Spellcasting
 * Level 8.4 Conjurations
 + Level 8.6 Hexes
 * Level 3.0 Translocations
 * Level 4.4 Fire Magic


You had 7 spell levels left.
You knew the following spells:

 Your Spells              Type           Power      Damage    Failure   Level
a - Magic Dart            Conj           100%       1d8       1%          1
b - Searing Ray           Conj           100%       2d8       1%          2
c - Foxfire               Conj/Fire      100%       2x1d9     1%          1
d - Fulminant Prism       Conj/Hex       35%        3d18      1%          4
e - Mephitic Cloud        Conj/Pois/Air  39%        N/A       4%          3
f - Stone Arrow           Conj/Erth      100%       3d13      2%          3
z - Sublimation of Blood  Necr           11%        N/A       8%          2
B - Blink                 Tloc           54%        N/A       2%          2

Your spell library contained the following spells:

 Spells                   Type           Power      Damage    Failure   Level
 Conjure Flame            Conj/Fire      61%        6-21      1%          3
 Dazzling Flash           Conj/Hex       100%       N/A       1%          3
 Inner Flame              Hex/Fire       45%        N/A       1%          3
 Portal Projectile        Hex/Tloc       82%        N/A       1%          3
 Flame Wave               Conj/Fire      61%        2d14      3%          4
 Iskenderun's Mystic Bla  Conj/Tloc      58%        2d12      4%          4
 Wereblood                Tmut           11%        N/A       8%          2
 Ignite Poison            Fire/Tmut/Pois 19%        N/A       9%          3
 Leda's Liquefaction      Hex/Erth       16%        N/A       9%          4
 Call Canine Familiar     Summ           11%        N/A       16%         3
 Manifold Assault         Tloc           27%        N/A       38%         5
 Freezing Cloud           Conj/Ice/Air   19%        6-21      41%         5
 Animate Armour           Summ/Erth      22%        N/A       45%         4
 Storm Form               Tmut/Air       5%         N/A       100%        7
 Summon Hydra             Summ           5%         N/A       100%        7
 Lehudib's Crystal Spear  Conj/Erth      25%        10d7      100%        8

Inventory:

Hand Weapons
 D - a +3 spear of flaming
 I - a +4 whip of venom
Missiles
 m - a throwing net {=f}
Armour
 h - a +0 pair of gloves (worn)
 i - the +1 ring mail "Vuekuas" {Will+ Str+3}
   (You found it on level 2 of the Dungeon)

   Str:       It affects your strength (+3).
   Will:      It increases your willpower.
 p - the +3 scale mail of the Viny Hot Ocelot {rElec rPois Stlth+}
   (You found it on level 3 of the Dungeon)

   rElec:     It insulates you from electricity.
   rPois:     It protects you from poison.
   Stlth:     It makes you more stealthy.
 s - the +2 buckler of the Wasteland {+Inv Dex+2 Stlth-}
   (You found it on level 4 of the Dungeon)

   Dex:       It affects your dexterity (+2).
   +Inv:      It lets you turn invisible.
   Stlth:     It makes you less stealthy.
 t - a +0 pair of boots (worn)
 w - a +0 robe
 A - a +0 helmet (worn)
 F - +0 steam dragon scales (worn)
Magical Staves
 a - a staff of conjuration (weapon) {!a}
 b - a staff of fire {!a}
 c - a staff of cold {!a}
Jewellery
 E - a +4 ring of evasion (right hand)
 M - a ring of magical power (left hand)
 Z - a ring of wizardry
Wands
 k - a wand of quicksilver (3)
 K - a wand of mindburst (14)
Scrolls
 f - 2 scrolls of vulnerability {unknown}
 g - 2 scrolls of brand weapon {unknown}
 j - 2 scrolls of teleportation {unknown}
 o - 2 scrolls of noise {unknown}
 u - 2 scrolls of amnesia {unknown}
 z - 8 scrolls of identify {unknown}
 C - 2 scrolls of blinking {unknown}
 G - a scroll of poison {unknown}
Potions
 d - 5 potions of haste {@q3}
 e - a potion of experience {unknown}
 l - 2 potions of curing {unknown}
 n - 2 potions of mutation {unknown}
 q - 2 potions of degeneration {unknown}
 r - a potion of flight {unknown}
 v - 2 potions of ambrosia {unknown}
 x - a potion of resistance {unknown}
 y - a potion of magic
 B - a potion of lignification {unknown}
 H - 2 potions of heal wounds {unknown}
 J - a potion of brilliance {unknown}

Dungeon Overview and Level Annotations

Branches:
Dungeon (8/15)             Temple (1/1) D:7
   Lair: D:8-11

Altars:
Ashenzari
Cheibriados
Dithmenos
Elyvilon
Hepliaklqana
Kikubaaqudgha
Makhleb
Nemelex Xobeh
Okawaru
Qazlal
Sif Muna
Trog
Uskayaw
Vehumet
Wu Jian
Xom
Zin
The Shining One

Shops:
D:5 ( D:6

:**
###'###...#######
#.........#.....#
#.........#.....#
#######...'.....#
#+..#.....#
▒▒▒h▒▒▒...#
▒○..)§▒...#
..▒....h▒.).#
.....⚑.@).).#
..▒.....▒...#
..▒§...§▒...#
▒▒▒.▒▒▒...#
...#.....#
####.....#
#.....# ..
#.....# ...
#.....#


You could see 2 wolves.


Message History

The wolf is lightly wounded.
The foxfire hits the wolf.
The wolf is moderately wounded.
The wolf misses you. The wolf bites you.
* * * LOW HITPOINT WARNING * * *
The wolf barely misses you. The wolf misses you.
Casting: Foxfire (safe; 1% risk of failure)
Confirm with . or Enter, or press ? or * to list all spells.
You feel a surge of power!
You conjure some foxfire!
The foxfire hits the wolf.
The wolf is heavily wounded.
The wolf bites you.
* * * LOW HITPOINT WARNING * * *
The wolf barely misses you. The wolf misses you. x2
Your foxfire dissipates!
The foxfire hits the wolf.
The wolf is severely wounded.
The foxfire hits the wolf but does no damage.
Casting: Foxfire (safe; 1% risk of failure)
Confirm with . or Enter, or press ? or * to list all spells.
You blink.
You are engulfed in dark miasma.
You are lethally poisoned!
* * * LOW HITPOINT WARNING * * *
You feel extremely sick.
* * * LOW HITPOINT WARNING * * *
You feel very sick.
* * * LOW HITPOINT WARNING * * *
You feel very sick.
It was a potion of haste.
You feel yourself speed up.
You feel stable enough to blink again.
You die...

Skill      XL: |  1  2  3  4  5  6  7  8  9 |
---------------+----------------------------+-----
Dodging        | 3 5 6 |  6.1
Stealth        | 3 4 5 |  5.1
Spellcasting   | 4 5 6 8 |  8.8
Conjurations   | 5 6 7 8 |  8.4
Hexes          | 1 3 5 7 8 |  8.6
Fire Magic     | 3 4 |  4.4
Translocations | 3 |  3.0

Action                   |  1- 3 |  4- 6 |  7- 9 || total
-------------------------+-------+-------+-------++-------
Melee: Staff             |       |       |     5 ||     5
 Cast: Magic Dart        |    88 |    14 |     1 ||   103
       Foxfire           |     3 |    54 |   226 ||   283
       Searing Ray       |     3 |     6 |     6 ||    15
       Fulminant Prism   |       |       |     9 ||     9
       Mephitic Cloud    |       |       |     6 ||     6
       Blink             |       |       |     1 ||     1
  Use: Potion            |       |       |     1 ||     1
Armor: Robe              |       |     1 |     8 ||     9
       Steam dragon scal |       |       |     5 ||     5
Dodge: Dodged            |     8 |     2 |    50 ||    60

Levels and vault maps discovered:
D:1:      heliophobic_arrival_enchanted_forest, layout_loops_ring,
          minmay_misc_feat_enclosed, minmay_tromino_v4_a
D:2:      kennysheep_big_flooded_room, layout_rooms, kennysheep_generic_room_13
D:3:      layout_loops_corners, zin_statuary, mainiacjoe_overflow_boulevard,
          mainiacjoe_overflow_six_doors_small, guppyfry_early_lair_pool,
          uniq_jessica
D:4:      layout_rooms, uniq_duvessa
D:5:      layout_cave_pools, tso_altar, nicolae_overflow_two_pavilions,
          mainiacjoe_overflow_alcove_4, serial_shops, shop,
          minmay_splitting_lines
D:6:      layout_layer_cave, serial_shops, nicolae_shop_hallway_stairs,
          nicolae_wooded_promenade, moated_statue, corexii_shack,
          minmay_pentangle, uniq_menkaure, uniq_prince_ribbit1
D:7:      layout_rooms, nemelex_dance_club_becter, mainiacjoe_overflow_alcove_2,
          minmay_temple_entry_nine_rooms
D:8:      layout_gridville, mainiacjoe_overflow_catwalk,
          nicolae_kikubaaqudgha_miasma_corner, uniq_grum
Temple:   nicolae_temple_bog_church

Notes
Turn   | Place    | Note
-------+----------+-------------------------------------------
     0 | D:1      | kingofthe the Deep Elf Conjurer began the quest for the
                  | Orb.
     0 | D:1      | Reached XP level 1. HP: 10/10 MP: 6/6
   232 | D:1      | Reached XP level 2. HP: 15/15 MP: 1/8
   235 | D:1      | Learned a level 2 spell: Searing Ray
   814 | D:1      | Reached skill level 3 in Dodging
   814 | D:1      | Reached XP level 3. HP: 19/19 MP: 7/10
  1256 | D:2      | Reached skill level 3 in Stealth
  1511 | D:2      | Identified the +1 ring mail "Vuekuas" {Will+ Str+3}
  1669 | D:2      | Learned a level 1 spell: Foxfire
  1790 | D:2      | Reached skill level 4 in Spellcasting
  1801 | D:2      | Reached skill level 5 in Conjurations
  1907 | D:3      | Noticed Jessica
  1950 | D:3      | Killed Jessica
  1951 | D:3      | Reached XP level 4. HP: 24/24 MP: 7/12
  1956 | D:3      | Learned a level 4 spell: Fulminant Prism
  2177 | D:3      | Found a bloodstained altar of Trog.
  2256 | D:3      | Identified the +3 scale mail of the Viny Hot Ocelot {rElec
                  | rPois Stlth+}
  2526 | D:3      | Found a shimmering blue altar of Sif Muna.
  2548 | D:3      | Became a worshipper of Sif Muna the Loreminder
  2591 | D:3      | Found a glowing silver altar of Zin.
  2751 | D:3      | Reached skill level 1 in Hexes
  3053 | D:4      | Reached XP level 5. HP: 28/28 MP: 6/13
  3168 | D:4      | Noticed Dowan
  3184 | D:4      | Noticed an ogre
  3190 | D:4      | Killed an ogre
  3191 | D:4      | Reached skill level 3 in Hexes
  3194 | D:4      | Reached skill level 5 in Spellcasting
  3197 | D:4      | Identified the +2 buckler of the Wasteland {+Inv Dex+2
                  | Stlth-}
  3207 | D:4      | Noticed Duvessa
  3310 | D:4      | Reached XP level 6. HP: 32/32 MP: 15/15
  3365 | D:4      | Reached skill level 4 in Hexes
  3495 | D:4      | Reached skill level 6 in Conjurations
  3733 | D:4      | Reached skill level 5 in Hexes
  3769 | D:4      | Reached XP level 7. HP: 36/36 MP: 17/17
  3902 | D:4      | Reached skill level 6 in Spellcasting
  4019 | D:4      | Killed Duvessa
  4020 | D:4      | Reached skill level 6 in Hexes
  4329 | D:5      | Entered Level 5 of the Dungeon
  4353 | D:4      | Killed Dowan
  4520 | D:5      | Reached * piety under Sif Muna
  4529 | D:5      | Reached skill level 7 in Hexes
  4595 | D:5      | Found Uheizinn's Antique Weapon Emporium.
  4609 | D:5      | Learned a level 2 spell: Sublimation of Blood
  4629 | D:5      | Found a shadowy altar of Dithmenos.
  4691 | D:5      | Reached XP level 8. HP: 41/41 MP: 20/20
  4789 | D:5      | Reached skill level 7 in Spellcasting
  4858 | D:5      | Reached skill level 7 in Conjurations
  5168 | D:5      | Found a glowing golden altar of the Shining One.
  5223 | D:5      | Found a hide-covered altar of Uskayaw.
  5223 | D:5      | Found a hazy altar of Hepliaklqana.
  5404 | D:6      | Found Rah Hec's Book Emporium.
  5431 | D:6      | Reached skill level 1 in Fire Magic
  5567 | D:6      | Noticed Menkaure
  5572 | D:6      | Killed Menkaure
  5573 | D:6      | Reached skill level 4 in Dodging
  5796 | D:6      | Reached skill level 2 in Fire Magic
  6067 | D:6      | Reached skill level 8 in Hexes
  6254 | D:6      | Found Deiwk's Assorted Antiques.
  6256 | D:6      | Found Hoerapih's General Store.
  6337 | D:6      | Noticed Prince Ribbit
  6344 | D:6      | Killed Prince Ribbit
  6345 | D:6      | Reached skill level 4 in Stealth
  6345 | D:6      | Reached skill level 8 in Spellcasting
  6749 | D:6      | Reached skill level 5 in Dodging
  6938 | D:6      | Bought an Inescapable Atlas for 374 gold pieces
  6941 | D:6      | Learned a level 2 spell: Blink
  7260 | D:7      | Reached skill level 3 in Fire Magic
  7352 | D:7      | Reached XP level 9. HP: 45/45 MP: 23/23
  8013 | D:7      | Reached skill level 1 in Translocations
  8014 | D:7      | Reached ** piety under Sif Muna
  8080 | D:7      | Found a staircase to the Ecumenical Temple.
  8150 | Temple   | Entered the Ecumenical Temple
  8348 | D:7      | Learned a level 3 spell: Mephitic Cloud
  8356 | D:7      | Reached skill level 8 in Conjurations
  8579 | D:7      | Reached skill level 2 in Translocations
  8709 | D:7      | Reached skill level 4 in Fire Magic
  8869 | D:7      | Found an ornate altar of the Wu Jian Council.
  8988 | D:7      | Found a sparkling altar of Nemelex Xobeh.
  9078 | D:8      | Reached skill level 5 in Stealth
  9082 | D:8      | Learned a level 3 spell: Stone Arrow
  9189 | D:8      | Found an ancient bone altar of Kikubaaqudgha.
  9193 | D:8      | Reached skill level 6 in Dodging
  9310 | D:8      | Noticed Grum
  9313 | D:8      | Killed Grum
  9314 | D:8      | Reached skill level 3 in Translocations
  9320 | D:8      | HP: 1/45 [poison (dark miasma)]
  9321 | D:8      | Succumbed to poison (dark miasma)

Vanquished Creatures
  A hornet (D:8)
  Prince Ribbit (D:6)
  Grum (D:8)
  2 steam dragons (D:7)
  Menkaure (D:6)
  Duvessa (D:4)
  A water moccasin (D:5)
  2 sky beasts (D:7)
  An ice beast (D:6)
  A black bear (D:7)
  4 ogres
  2 phantoms (D:4)
  A necrophage (D:5)
  A gnoll sergeant (D:7)
  7 scorpions
  A bullfrog (D:8)
  Dowan (D:4)
  3 killer bees (D:7)
  A howler monkey (D:6)
  2 hounds (D:5)
  A jelly (D:6)
  A gnoll bouda (D:8)
  An orc priest (D:7)
  Jessica (D:3)
  3 iguanas
  4 adders
  11 gnolls
  2 white imps
  An ufetubus (D:7)
  2 worms (D:2)
  4 dart slugs
  17 orcs
  9 endoplasms
  A giant cockroach (D:1)
  9 goblins
  5 hobgoblins
  4 jackals (D:3)
  4 quokkas
  10 ball pythons
  3 bats
  4 frilled lizards (D:1)
  10 kobolds
  2 rats
144 creatures vanquished.

Vanquished Creatures (others)
  488 foxfires
  9 fulminant prisms
  3 fungi (D:5)
500 creatures vanquished.

Grand Total: 644 creatures vanquished

Table legend: (Time is in decaauts)
 A = Elapsed time spent in this place.
 B = Non-inter-level travel time spent in this place.
 C = Inter-level travel time spent in this place.
 D = Time resting spent in this place.
 E = Time spent auto-exploring this place.
 F = Levels seen in this place.
 G = Mean time per level.
                   A        B        C        D        E       F      G
               +--------+--------+--------+--------+--------+-----+--------+
         Total |   9333 |   8557 |    776 |    862 |   6605 |   9 | 1037.0 |
       Dungeon |   9168 |   8401 |    767 |    862 |   6460 |   8 | 1146.0 |
        Temple |    165 |    156 |      9 |      0 |    145 |   1 |  165.0 |
               +--------+--------+--------+--------+--------+-----+--------+

Top non-repeatable levels by time:
     D:6: 2375 daAuts
     D:3: 1381 daAuts
     D:4: 1203 daAuts
     D:1: 1178 daAuts
     D:7: 1120 daAuts
     D:5: 926 daAuts
     D:2: 712 daAuts
     D:8: 270 daAuts
  Temple: 165 daAuts

Table legend:
 A = Non-vault XP
 B = Vault XP
 C = Vault XP percentage of total XP
 D = Non-vault monster count
 E = Vault monster count
 F = Vault count percentage of total count
                 A         B        C        D         E       F
            +---------+---------+-------+---------+---------+-------
      Total |    3321 |    1420 |  30.0 |     122 |      22 |  15.3
            +---------+---------+-------+---------+---------+-------
        D:1 |      46 |       6 |  11.5 |      27 |       4 |  12.9
        D:2 |      34 |       7 |  17.1 |      10 |       3 |  23.1
        D:3 |      36 |      37 |  50.7 |      15 |       1 |   6.2
        D:4 |     691 |     213 |  23.6 |      19 |       2 |   9.5
        D:5 |     603 |       0 |   0.0 |      18 |       0 |   0.0
        D:6 |     170 |     836 |  83.1 |       4 |       9 |  69.2
        D:7 |    1257 |     123 |   8.9 |      21 |       2 |   8.7
        D:8 |     484 |     198 |  29.0 |       8 |       1 |  11.1
            +---------+---------+-------+---------+---------+-------
